 Dungeon Crawl Stone Soup version 0.23.0 (webtiles) character file.

Game seed: 2759520501741640405

209 Astolfo the Ruffian (level 5, -10/47 HPs)
             Began as a Troll Monk on Feb 12, 2019.
             Was an Initiate of Hepliaklqana.
             Killed from afar by Paullus the ancestor (22 damage)
             ... with an exploding inner flame
             ... created by the player character
             ... hexed by the player character
             ... on level 4 of the Dungeon.
             The game lasted 00:09:56 (2421 turns).

Astolfo the Ruffian (Troll Monk)                    Turns: 2421, Time: 00:09:57

Health: -10/47     AC:  6    Str: 20    XL:     5   Next: 55%
Magic:  2/4        EV: 11    Int:  6    God:    Hepliaklqana [......]
Gold:   204        SH:  0    Dex: 12    Spells: 4/4 levels left

rFire    . . .     SeeInvis .     - Unarmed
rCold    . . .     Gourm    +   (no shield)
rNeg     . . .     Faith    .   a - +0 robe
rPois    .         Spirit   .   (helmet restricted)
rElec    .         Reflect  .   (no cloak)
rCorr    .         Harm     .   (gloves unavailable)
MR       .....                  (boots unavailable)
Stlth    ++........             (no amulet)
HPRegen  0.55/turn              (no ring)
MPRegen  0.09/turn              (no ring)

@: no status effects
A: large, unfitting armour, reduced essence, claws 3, fast metabolism 3,
gourmand, regeneration 1, shaggy fur 1, tough skin 3
a: Recall Ancestor, Ancestor Identity, Renounce Religion


You were on level 4 of the Dungeon.
You worshipped Hepliaklqana.
Hepliaklqana was noncommittal.
You were completely stuffed.

You visited 1 branch of the dungeon, and saw 4 of its levels.

You collected 204 gold pieces.

Inventory:

Missiles
 i - 22 stones
 n - 7 tomahawks (quivered)
Armour
 a - a +0 robe (worn)
Scrolls
 j - a scroll of remove curse
 l - a scroll of teleportation
Potions
 b - a potion of heal wounds
 d - 4 potions of flight
 h - a potion of magic {unknown}
 p - a potion of haste {unknown}
 r - a potion of mutation {unknown}
 s - a potion of brilliance {unknown}
 t - a potion of cancellation {unknown}
Comestibles
 e - 6 rations
 q - a chunk of flesh


   Skills:
 + Level 3.5 Fighting
 + Level 3.5 Dodging
 - Level 1.0 Stealth
 + Level 4.4 Unarmed Combat


You had 4 spell levels left.
You didn't know any spells.
Your spell library was empty.

Dungeon Overview and Level Annotations

Branches:
Dungeon (4/15)
 Temple: D:4-7

Altars:
Hepliaklqana
Nemelex Xobeh
Sif Muna


Innate Abilities, Weirdness & Mutations

You are too large for most types of armour.
You have claws for hands.
Your metabolism is lightning-fast.
You like to eat raw meat.
Your natural rate of healing is unusually fast.
You are covered in fur. (AC +1)
You have extremely tough skin. (AC +3)
Your life essence is reduced to manifest your ancestor. (-10% HP)


Message History

The leopard gecko bites Paullus.
The hound bites you but does no damage. The orc hits you but does no damage.
Throwing (i - inventory. (/) - cycle)
n - 8 tomahawks (quivered)
Press: ? - help, Shift-Dir - straight line, f/p - orc priest
Aim: an orc priest, wielding a +0 hand axe (almost dead)
You throw a tomahawk.
The tomahawk barely misses the orc priest.
Paullus hits the scorpion but does no damage.
The orc priest misses you. The orc hits you with a +0 hand axe.
* * * LOW HITPOINT WARNING * * *
The orc barely misses Paullus.
The hound closely misses you.
The scorpion stings Paullus.
The leopard gecko bites Paullus.
Paullus the ancestor explodes!
The fiery explosion engulfs the leopard gecko!
You kill the leopard gecko!
The fiery explosion engulfs the scorpion!!
You kill the scorpion!
You feel your intelligence returning. The fiery explosion engulfs you!!
You die...

,,,,,,,,,,**,,,,,,***,,,,,*
*, ,,,,,,,,,,,,,,,**.*
*,,,,,* *,
,,,,,,,,,,,,,,,##.***,,,,,*
*,
**,,,*****,,,,,...,,,,,,,,*
****, *,,,*
*,**,*#.#********* *,,,,
*,,,* *,*#,*#.# *,**,
*,,,*** *,*#.##.##### *,,,,
*,,,,,* #.##..ooh...# *,,**
*,,,*,* #....§§@#**,*****
*,,** *****,*
####.§##o......,****,,,, *
*,* #.,**.##.###,,,,,,,**
******,*** #,,,,.#*,*
*********
,,,,,,,,,*****,,,..,,*
******,*,,,,,,***##***
*,******,*** *,**,,,,,,,**
****,**,*,,,,,,*


You could see a hound, an orc priest and 2 orcs.

Vanquished Creatures
  A scorpion (D:4)
  Jessica (D:3)
  3 adders
  3 gnolls (D:3)
  2 dart slugs (D:1)
  2 leopard geckos
  4 orcs
  4 bats (D:1)
  6 giant cockroaches
  12 goblins
  7 hobgoblins
  A quokka (D:3)
  A ball python (D:3)
  3 frilled lizards
  5 kobolds
  8 rats
63 creatures vanquished.

Vanquished Creatures (collateral kills)
  An orc (D:3)
1 creature vanquished.

Grand Total: 64 creatures vanquished

Notes
Turn   | Place    | Note
-------+----------+-------------------------------------------
     0 | D:1      | Astolfo the Troll Monk began the quest for the Orb.
     0 | D:1      | Reached XP level 1. HP: 22/22 MP: 0/0
    89 | D:1      | Reached XP level 2. HP: 29/29 MP: 1/1
   311 | D:1      | Reached XP level 3. HP: 33/36 MP: 2/2
   840 | D:2      | Found a deep blue altar of Sif Muna.
   847 | D:2      | Became a worshipper of Sif Muna the Loreminder
   847 | D:2      | Reached * piety under Sif Muna
   847 | D:2      | Reached ** piety under Sif Muna
   849 | D:2      | Fell from the grace of Sif Muna
  1524 | D:3      | Reached XP level 4. HP: 26/45 MP: 3/3
  1648 | D:3      | Reached skill level 4 in Unarmed Combat
  1651 | D:3      | Found a faded altar of an unknown god.
  1728 | D:3      | Found a sparkling altar of Nemelex Xobeh.
  1768 | D:3      | Noticed Jessica
  1781 | D:3      | Killed Jessica
  1781 | D:3      | Reached XP level 5. HP: 49/53 MP: 4/4
  2044 | D:3      | Found a hazy altar of Hepliaklqana.
  2059 | D:3      | Became a worshipper of Hepliaklqana the Forgotten
  2421 | D:4      | Killed from afar by Paullus the ancestor

Skill      XL: |  1  2  3  4 |
---------------+-------------+-----
Fighting       | 3 |  3.5
Dodging        | 3 |  3.5
Unarmed Combat | 4 |  4.4
Stealth        | |  1.0

Action                   |  1- 3 |  4- 6 || total
-------------------------+-------+-------++-------
Melee: Unarmed           |   125 |    50 ||   175
       Punch             |     3 |       ||     3
Throw: Stone             |    24 |    23 ||    47
       Tomahawk          |       |    15 ||    15
Invok: Divine Energy     |     1 |       ||     1
       Renounce Religion |     1 |       ||     1
       Recall Ancestor   |       |     1 ||     1
  Use: Scroll            |       |     9 ||     9
 Stab: Sleeping          |     2 |     2 ||     4
  Eat: Chunk             |    18 |    10 ||    28
Armor: Robe              |    32 |    14 ||    46
Dodge: Dodged            |    54 |    27 ||    81
